 Dungeon Crawl Stone Soup version 0.30-b1-2-g02819fbbbe (webtiles) character file.

Game seed: 4555274993237660428

170 Metae the Trooper (level 5, -1/47 HPs)
             Began as a Minotaur Fighter on June 13, 2023.
             Slain by a scorpion (3 damage)
             ... on level 3 of the Dungeon.
             The game lasted 00:08:40 (2160 turns).

Metae the Trooper (Minotaur Fighter)                Turns: 2160, Time: 00:08:41

Health: -1/47      AC: 11    Str: 23    XL:     5   Next: 25%
Magic:  4/4        EV: 10    Int:  5    God:
Gold:   156        SH:  4    Dex:  9    Spells: 4/4 levels left

rFire   . . .        a - +0 flail
rCold   . . .        c - +0 buckler
rNeg    . . .        r - +4 ring mail
rPois   .            (helmet restricted)
rElec   .            n - +0 cloak
rCorr   .            (no gloves)
SInv    .            (no boots)
Will    +....        (no amulet) Stlth
                     h - ring of willpower
HPRegen 0.27/turn    (no ring)
MPRegen 0.09/turn

%: no passive effects
@: lethally poisoned (-1 -> -3), flying
A: horns 2, retaliatory headbutt
a: no special abilities


You were on level 3 of the Dungeon.
You visited 1 branch of the dungeon, and saw 3 of its levels.

You collected 156 gold pieces.

Inventory:

Hand Weapons
 a - a +0 flail (weapon)
Missiles
 j - 52 stones (quivered)
Armour
 b - a +0 scale mail
 c - a +0 buckler (worn)
 n - a +0 cloak (worn)
 r - a +4 ring mail (worn)
 v - a +0 chain mail
Jewellery
 h - a ring of willpower (left hand)
Wands
 o - a wand of paralysis (4)
Scrolls
 e - a scroll of identify
 f - a scroll of teleportation
 i - a scroll of amnesia
 k - a scroll of fear
 l - a scroll of immolation
 s - a scroll of enchant weapon
Potions
 d - a potion of might
 g - a potion of invisibility {unknown}
 m - a potion of curing {unknown}
 p - 2 potions of flight
 q - a potion of mutation {unknown}
 t - a potion of haste {unknown}
 u - a potion of heal wounds {unknown}


   Skills:
 + Level 4.8 Fighting
 + Level 3.9 Maces & Flails
 + Level 4.7 Armour
 + Level 4.7 Shields


You had 4 spell levels left.
You didn't know any spells.
Your spell library contained the following spells:

 Spells                   Type           Power      Damage    Failure   Level
 Slow                     Hex            0%         N/A       69%         1
 Confusing Touch          Hex            0%         N/A       96%         3
 Vampiric Draining        Necr           0%         2d6       96%         3


Dungeon Overview and Level Annotations

Branches:
Dungeon (3/15)

Altars:

Shops:
D:1 [


Innate Abilities, Weirdness & Mutations

You have a pair of horns on your head.
You reflexively headbutt those who attack you in melee.


Message History

You barely miss the scorpion.
The scorpion is lightly wounded.
You feel very sick. The scorpion stings you.
You closely miss the scorpion.
You headbutt the scorpion, but do no damage.
The scorpion is lightly wounded.
You feel sick.
The scorpion stings you but does no damage. x2
You are too injured to fight recklessly!
The scorpion attacks as you move away!
The scorpion stings you but does no damage.
You feel sick.
You feel sick. The scorpion attacks as you move away! The scorpion stings you.
You are more poisoned.
The scorpion poisons you!
* * * LOW HITPOINT WARNING * * *
You feel very sick. The scorpion attacks as you move away!
The scorpion stings you but does no damage.
* * * LOW HITPOINT WARNING * * *
You feel sick. The scorpion stings you.
* * * LOW HITPOINT WARNING * * *
It was a potion of flight.
You feel very buoyant.
You fly up into the air.
* * * LOW HITPOINT WARNING * * *
You feel very sick. You block the scorpion's attack.
* * * LOW HITPOINT WARNING * * *
You feel sick. The scorpion attacks as you move away!
You block the scorpion's attack.
* * * LOW HITPOINT WARNING * * *
You feel sick.
* * * LOW HITPOINT WARNING * * *
You feel sick.
* * * LOW HITPOINT WARNING * * *
You feel sick. The scorpion stings you.
You die...

#############################.#
#........##....................
#...........#################.#
#.........### ########'#
#######...##### #.........
..))..>)^.....# #.........
#############.#### #.........
#....# +........# ####@#
########## #s# ...####.# #.##
#+#..#....... #..#
#.#.#######.#
#.#####.###............
#.....................#
#.#####.#####.######### #.####
# # #....# #


You could see a scorpion.

Vanquished Creatures
  Crazy Yiuf (D:2)
  Jessica (D:2)
  Terence (D:3)
  4 gnolls (D:3)
  3 dart slugs
  5 ball pythons
  3 endoplasms
  5 giant cockroaches
  4 goblins
  A hobgoblin (D:2)
  3 jackals (D:1)
  A quokka (D:2)
  3 bats
  2 frilled lizards (D:1)
  5 kobolds
  6 rats
48 creatures vanquished.

Vanquished Creatures (others)
  2 plants (D:2)
2 creatures vanquished.

Grand Total: 50 creatures vanquished

Notes
Turn   | Place    | Note
-------+----------+-------------------------------------------
     0 | D:1      | Metae the Minotaur Fighter began the quest for the Orb.
     0 | D:1      | Reached XP level 1. HP: 19/19 MP: 0/0
   305 | D:1      | Reached XP level 2. HP: 27/27 MP: 1/1
   494 | D:1      | Found Usoemuf's Antique Armour Boutique.
   727 | D:2      | Noticed Jessica
   733 | D:2      | Killed Jessica
   734 | D:2      | Reached XP level 3. HP: 28/33 MP: 2/2
  1211 | D:2      | Reached XP level 4. HP: 40/41 MP: 3/3
  1268 | D:2      | Found a runed translucent door.
  1269 | D:2      | Noticed Crazy Yiuf
  1275 | D:2      | Killed Crazy Yiuf
  1337 | D:2      | Found a faded altar of an unknown god.
  1389 | D:3      | Noticed Terence
  1392 | D:3      | Killed Terence
  1843 | D:3      | Reached XP level 5. HP: 38/47 MP: 4/4
  2160 | D:3      | HP: 2/47 [poisoned by a scorpion]
  2160 | D:3      | Slain by a scorpion

Illustrated notes

Levels and vault maps discovered:
D:1:      minmay_arrival_stone_box, layout_loops_ring, serial_shops, shop,
          minmay_misc_feat_tiny, skrybe_limestone_x, minmay_box_of_dots
D:2:      layout_basic, chequers_ecumenical_altar_lobes,
          kennysheep_generic_room_9, uniq_jessica, uniq_crazy_yiuf_cottage
D:3:      layout_basic, uniq_terence

Skill      XL: |  1  2 |
---------------+-------+-----
Fighting       | 4 |  4.8
Armour         | 4 |  4.7
Shields        | 4 |  4.7
Maces & Flails | 3 |  3.9

Action                     |  1- 3 |  4- 6 || total
---------------------------+-------+-------++-------
  Melee: Flail             |    72 |    34 ||   106
         Headbutt          |     9 |    14 ||    23
  Throw: Stone             |       |     1 ||     1
    Use: Scroll            |       |     5 ||     5
         Potion            |       |     1 ||     1
 Armour: Scale mail        |    48 |       ||    48
         Ring mail         |       |    22 ||    22
  Dodge: Dodged            |    35 |    24 ||    59
  Block: Buckler           |    17 |    11 ||    28
